 Dungeon Crawl Stone Soup version 0.31.0-32-g396128a36d (webtiles) character file.

Game seed: 903527605202209173

21 aaalt the Changeling (level 2, -1/26 HPs)
             Began as a Troll Shapeshifter on Mar 11, 2024.
             Slain by a cerulean imp
             ... wielding a +0 spear
             ... summoned by Natasha
              (3 damage)
             ... on level 2 of the Dungeon.
             The game lasted 00:27:22 (1242 turns).

aaalt the Changeling (Troll Shapeshifter)           Turns: 1242, Time: 00:27:30

Health: -1/26      AC:  4    Str: 21    XL:     2   Next: 65%
Magic:  0/1        EV:  9    Int:  6    God:
Gold:   85         SH:  0    Dex:  9    Spells: 1/1 levels left

rFire   . .          .
                       - Unarmed
rCold   . . .        (no shield)
rNeg    . . .        a - +0 animal skin
rPois   .            (helmet currently unavailable)
rElec   .            (cloak currently unavailable)
rCorr   .            (gloves unavailable)
SInv    .            (boots unavailable)
Will    .....        b - amulet of guardian spirit Stlth
                     (no ring)
HPRegen 1.04/turn    (no ring)
MPRegen 0.07/turn

%: guardian spirit
@: beast-form, silenced
A: beast (slay +1), large, unfitting armour, claws 3, regeneration 1, shaggy fur
1, tough skin 1
a: Begin Untransformation


You were on level 2 of the Dungeon.
You were a hulking beast.
You visited 1 branch of the dungeon, and saw 2 of its levels.

You collected 85 gold pieces.

Inventory:

Hand Weapons
 i - a +0 dagger
Armour
 a - a +0 animal skin (worn)
 f - a +0 leather armour
 h - a +0 chain mail
Jewellery
 b - an amulet of guardian spirit (around neck)
Talismans
 c - a beast talisman (active)
 d - a flux talisman


   Skills:
 + Level 0.8 Fighting
 + Level 1.6 Dodging
 + Level 3.4 Unarmed Combat
 + Level 3.4 Shapeshifting


You had one spell level left.
You didn't know any spells.
Your spell library contained the following spells:

 Spells                   Type           Power      Damage    Failure   Level
 Sandblast                Erth           0%         2d4       45%         1
 Passwall                 Erth           0%         N/A       83%         3
 Stone Arrow              Conj/Erth      0%         3d7       83%         3
 Brom's Barrelling Bould  Conj/Erth      0%         2d3       99%         4


Dungeon Overview and Level Annotations

Branches:
Dungeon (2/15)

Altars:
Wu Jian

Annotations:
D:2 Natasha


Innate Abilities, Weirdness & Mutations

You are a hulking beast.
Your limbs bulge with bestial killing power. (Slay +1)
You are too large for most types of armour.
You have claws for hands.
Your natural rate of healing is unusually fast.
You are covered in fur. (AC +1)
You have tough skin. (AC +1)


Message History

You claw the cerulean imp!
The cerulean imp is severely wounded.
The cerulean imp hits you with a +0 spear.
Natasha claws you.
The cerulean imp hits you from afar with a +2 spear.
You scratch Natasha.
Natasha is lightly wounded.
The cerulean imp disappears in a puff of smoke!
The cerulean imp hits you but does no damage.
Natasha mumbles some strange words.
The cerulean imp hits you from afar with a +0 spear.
Natasha attacks as she pursues you! Natasha claws you but does no damage.
Unknown command.
As you read the scroll labelled PESOSO YGUA, it crumbles to dust.
A profound silence engulfs you.
It was a scroll of silence.
Natasha claws you but does no damage. The cerulean imp closely misses you.
You barely miss Natasha.
Natasha is lightly wounded.
Natasha barely misses you. The cerulean imp closely misses you.
You miss Natasha.
Natasha is lightly wounded.
Natasha claws you.
The cerulean imp hits you but does no damage.
Found an escape hatch in the ceiling.
Natasha attacks as she pursues you! Natasha claws you.
The cerulean imp attacks as it pursues you!
The cerulean imp hits you from afar with a +0 spear.
Your butterfly disappears in a burst of colours!
Natasha claws you!
* * * LOW HITPOINT WARNING * * *
The cerulean imp attacks as it pursues you!
The cerulean imp hits you from afar with a +0 spear.
* * * LOW HITPOINT WARNING * * *
The cerulean imp attacks as it pursues you!
The cerulean imp hits you from afar with a +1 spear.
* * * LOW HITPOINT WARNING * * *
The cerulean imp attacks as it pursues you!
The cerulean imp barely misses you.
The cerulean imp hits you from afar with a +0 spear.
You die...

#.## #.# #[#
#.# #†# #.#
#.# ####♣♣
#5###.5..♣♣
#h#..h.hh.♣
#.#.#.5....♣
#.........♣.♣
##..#.##♣♣♣ ♣
#..#.# #..#.#
...#<#
.......
#...#.


You could see Natasha, 2 cerulean imps and a jackal.

Vanquished Creatures
  An endoplasm (D:1)
  2 giant cockroaches (D:1)
  3 hobgoblins (D:1)
  2 jackals (D:2)
  A quokka (D:2)
  A bat (D:1)
  A frilled lizard (D:1)
  3 goblins
  2 kobolds (D:1)
  3 rats (D:1)
19 creatures vanquished.

Notes
Turn   | Place    | Note
-------+----------+-------------------------------------------
     0 | D:1      | aaalt the Troll Shapeshifter began the quest for the Orb.
     0 | D:1      | Reached XP level 1. HP: 18/18 MP: 0/0
   378 | D:1      | Reached XP level 2. HP: 24/26 MP: 1/1
  1122 | D:1      | Found an ornate altar of the Wu Jian Council.
  1194 | D:2      | Noticed Natasha
  1242 | D:2      | Slain by a cerulean imp

Illustrated notes

Levels and vault maps discovered:
D:1:      dpeg_arrival_lava_altar, layout_loops_ring, corner_web_ring,
          dreamdust_princess_bridge, minmay_misc_feat_plants, item_on_display_a
D:2:      layout_loops_ring, uniq_crazy_yiuf_cottage, uniq_natasha

Action                     || total
---------------------------++-------
  Melee: Unarmed           ||    48
         Punch             ||     1
    Use: Potion            ||     1
         Scroll            ||     2
 Armour: Animal skin       ||    45
         Skin              ||     4
  Dodge: Dodged            ||    32
   Form: Beast             ||     1
